 Dungeon Crawl Stone Soup version 0.17.0-57-g0e89251 (webtiles) character file.

1516 Rationalist the Shield-Bearer (level 9, -3/69 HPs)
             Began as a Formicid Fighter on Dec 8, 2015.
             Was an Initiate of Gozag.
             Slain by Rationalist's ghost (14 damage)
             ... on level 5 of the Dungeon.
             The game lasted 00:07:47 (4664 turns).

Rationalist the Shield-Bearer (Formicid Fighter)    Turns: 4664, Time: 00:07:47

Health: -3/69      AC:  7    Str: 26    XL:     9   Next: 9%
Magic:  9/9        EV: 11    Int:  8    God:    Gozag
Gold:   260        SH: 11    Dex: 13    Spells: 0 memorised, 8 levels left

rFire  . . .     SeeInvis +     D - +0 hand axe (freeze)
rCold  . . .     Clarity  .     b - +0 scale mail
rNeg   . . .     SustAt   .     c - +0 shield
rPois  .         Gourm    .     (helmet unavailable)
rElec  .         Spirit   .     (no cloak)
rCorr  .         Warding  .     (no gloves)
rMut   .         Stasis   +     (no boots)
MR     .....                    (no amulet)
Stlth  ..........               (no ring)
                                (no ring)

@: mighty, starving, not resistant to hostile enchantments, extremely unstealthy
A: permanent stasis, dig shafts and tunnels, four strong arms, antennae 3
a: Dig, Shaft Self, Potion Petition, Call Merchant, Bribe Branch, Renounce
Religion


You were on level 5 of the Dungeon.
You worshipped Gozag.
Gozag was noncommittal.
You were starving.

You visited 2 branches of the dungeon, and saw 6 of its levels.

You collected 317 gold pieces.
You paid 57 gold pieces to Gozag.

Inventory:

Hand Weapons
 D - a +0 hand axe of freezing (weapon)
Missiles
 n - 2 javelins (quivered)
 r - 25 bolts
 s - 27 sling bullets
Armour
 b - a +0 scale mail (worn)
 c - a +0 shield (worn)
Jewellery
 f - an uncursed ring of stealth {unknown}
Wands
 a - a wand of random effects (25)
 d - a wand of digging (6)
Scrolls
 h - 2 scrolls of remove curse
 i - 3 scrolls of random uselessness {unknown}
 k - a scroll of amnesia {unknown}
 l - 2 scrolls of teleportation {unknown}
 o - 2 scrolls of blinking {unknown}
 p - a scroll of noise
 u - a scroll of enchant weapon {unknown}
 y - 2 scrolls of enchant armour {unknown}
 z - 2 scrolls of identify
 E - a scroll of recharging {unknown}
Potions
 g - a potion of haste
 q - a potion of lignification {unknown}
 t - a potion of flight
 v - 2 potions of curing {unknown}
 w - 2 potions of magic
 x - a potion of invisibility {unknown}
 A - 2 potions of degeneration {unknown}
 B - 2 potions of agility {unknown}
Comestibles
 e - 3 bread rations
 j - 2 meat rations
 m - 2 slices of pizza
 F - a royal jelly


   Skills:
 + Level 6.1 Fighting
 + Level 5.1 Axes
 + Level 6.4 Armour
 + Level 3.8 Dodging
 + Level 1.3 Stealth
 + Level 6.6 Shields


You had 8 spell levels left.
You didn't know any spells.

Dungeon Overview and Level Annotations

Branches:
Dungeon (5/15)             Temple (1/1) D:4

Altars:
Ashenzari
Cheibriados
Dithmenos
Elyvilon
Fedhas
Gozag
Kikubaaqudgha
Nemelex Xobeh
Okawaru
Qazlal
Trog
Vehumet
Xom
Yredelemnul
The Shining One

Annotations:
D:5 Rationalist's ghost, amateur FoFi


Innate Abilities, Weirdness & Mutations

You are under a permanent stasis effect.
You can dig through walls and to a lower floor.
Your four strong arms can wield two-handed weapons with a shield.
You have a pair of large antennae on your head (SInv).


Message History

You block Rationalist's ghost's attack.
You hit Rationalist's ghost but do no damage.
Rationalist's ghost is heavily damaged.
Rationalist's ghost hits you!
You hit Rationalist's ghost. You freeze Rationalist's ghost.
Rationalist's ghost is severely damaged.
Rationalist's ghost hits you!
* * * LOW HITPOINT WARNING * * *
You closely miss Rationalist's ghost.
Rationalist's ghost is severely damaged.
Rationalist's ghost hits you!
* * * LOW HITPOINT WARNING * * *
You hit Rationalist's ghost. You freeze Rationalist's ghost.
Rationalist's ghost is severely damaged.
You block Rationalist's ghost's attack.
You barely miss Rationalist's ghost.
Rationalist's ghost is severely damaged.
Rationalist's ghost hits you!
You die...
Your body crumbles into a pile of gold.

#...#..######.#
#.##..........#
#.####.########
#..[...#
+#######.######
.........######
####.##........
#....#######
####@# #W# #.#
#≈W§≈≈# #≈≈.§≈#
#.'.._..'
###≈≈.≈≈#
#§≈≈≈≈# #######


You could see Rationalist's ghost.

Vanquished Creatures
  Pikel (D:3)
  The ghost of MirrMurr the Covert, a novice SpEn (D:5)
  Eustachio (D:4)
  Edmund (D:4)
  A slave (D:3)
  A centaur zombie (D:4)
  A hound (D:4)
  2 worker ants (D:4)
  3 orc wizards (D:3)
  Natasha (D:4)
  4 orc priests
  A hound zombie (D:4)
  4 worker ant zombies
  4 adders
  4 oozes
  2 worms
  3 giant geckos
  24 orcs
  A ball python (D:2)
  13 bats
  4 giant cockroaches
  6 goblins
  7 hobgoblins
  6 jackals
  9 kobolds
  2 quokkas (D:2)
  A giant gecko skeleton (D:4)
  6 giant newts
  2 quokka zombies (D:4)
  7 rats
123 creatures vanquished.

Vanquished Creatures (others)
  A slave (D:4)
  2 hound zombies (D:4)
  A hound skeleton (D:4)
  A worm (D:3)
  2 jackals (D:4)
7 creatures vanquished.

Grand Total: 130 creatures vanquished

Notes
Turn   | Place    | Note
--------------------------------------------------------------
     0 | D:1      | Rationalist the Formicid Fighter began the quest for the Orb.
     0 | D:1      | Reached XP level 1. HP: 18/18 MP: 1/1
    78 | D:1      | Reached XP level 2. HP: 18/24 MP: 2/2
   362 | D:1      | Reached XP level 3. HP: 21/29 MP: 3/3
   363 | D:1      | Reached skill level 4 in Shields
   875 | D:2      | Reached XP level 4. HP: 16/37 MP: 4/4
   944 | D:2      | Found a faded altar to an unknown god.
  1001 | D:2      | Found a white marble altar of Elyvilon.
  1293 | D:2      | Found a radiant altar of Vehumet.
  1301 | D:2      | Reached skill level 1 in Dodging
  1303 | D:2      | Found a snail-covered altar of Cheibriados.
  1398 | D:2      | HP: 1/37 [poisoned by an adder]
  1967 | D:3      | Reached XP level 5. HP: 39/42 MP: 5/5
  2251 | D:3      | Reached XP level 6. HP: 11/48 MP: 6/6
  2540 | D:3      | Reached skill level 5 in Shields
  2920 | D:4      | Noticed Pikel
  2920 | D:4      | Noticed a slave
  2920 | D:4      | Noticed a slave
  2920 | D:4      | Noticed a slave
  2935 | D:3      | Killed a slave
  2944 | D:3      | HP: 2/49 [Pikel/whip of flaming (1)]
  2945 | D:3      | Killed Pikel
  2945 | D:3      | Reached skill level 5 in Fighting
  2945 | D:3      | Reached skill level 5 in Armour
  2945 | D:3      | Reached XP level 7. HP: 2/56 MP: 7/7
  2945 | D:3      | Reached XP level 8. HP: 2/63 MP: 8/8
  3248 | D:4      | Noticed a freed slave
  3249 | D:4      | Noticed Edmund
  3276 | D:4      | Killed Edmund
  3276 | D:4      | Reached skill level 1 in Stealth
  3483 | D:4      | Killed a freed slave
  3533 | D:4      | Found a staircase to the Ecumenical Temple.
  3546 | Temple   | Entered the Ecumenical Temple
  3574 | Temple   | Became a worshipper of Gozag Ym Sagoz the Greedy
  3687 | D:4      | Reached skill level 6 in Shields
  3690 | D:4      | Noticed Eustachio
  3720 | D:4      | Killed Eustachio
  3751 | D:4      | Noticed Natasha
  3763 | D:4      | Killed Natasha
  4118 | D:5      | Entered Level 5 of the Dungeon
  4233 | D:5      | Noticed MirrMurr's ghost (novice SpEn)
  4264 | D:5      | Killed MirrMurr's ghost
  4264 | D:5      | Reached skill level 5 in Axes
  4264 | D:5      | Reached XP level 9. HP: 65/69 MP: 9/9
  4585 | D:5      | Found a blossoming altar of Fedhas.
  4643 | D:5      | Found a glowing golden altar of the Shining One.
  4643 | D:5      | Noticed Rationalist's ghost (amateur FoFi)
  4664 | D:5      | Slain by Rationalist's ghost

Action                   |  1- 3 |  4- 6 |  7- 9 || total
-------------------------+-------+-------+-------++-------
Melee: War axe           |   118 |   165 |    51 ||   334
       Hand axe          |       |       |   156 ||   156
 Abil: Dig               |     3 |       |     1 ||     4
  Use: Scroll            |       |     4 |       ||     4
       Potion            |       |     3 |     2 ||     5
  Eat: Chunk             |     1 |     5 |     2 ||     8
       Beef jerky        |       |     1 |       ||     1
       Royal jelly       |       |       |     1 ||     1
